 Dungeon Crawl Stone Soup version 0.26-a0-651-gb41185065b (webtiles) character file.

Game seed: 3379850117331953442

17234 Murumi the Fighter (level 12, -3/133 HPs)
             Began as an Ogre Conjurer on Sept 27, 2020.
             Was an Elder of Okawaru.
             Slain by a wolf (8 damage)
             ... in an ice cave on Sept 29, 2020.
             The game lasted 01:17:43 (21267 turns).

Murumi the Fighter (Ogre Conjurer)                 Turns: 21267, Time: 01:17:43

Health: -3/133     AC:  3    Str: 18    XL:     12   Next: 45%
Magic:  16/16      EV: 14    Int: 19    God:    Okawaru [****..]
Gold:   705        SH:  0    Dex:  7    Spells: 15/17 levels left

rFire    + . .     SeeInvis .   F - +3 whip (elec)
rCold    + + +     Faith    .   (no shield)
rNeg     + . .     Spirit   .   a - +1 robe
rPois    +         Reflect  .   (helmet restricted)
rElec    .         Harm     .   e - +2 cloak
rCorr    .         Rampage  .   (gloves unavailable)
MR       +....                  (boots unavailable)
Stlth    +++.......             H - amulet "Runuom" {RegenMP *Corrode rPois rC++ rN+}
HPRegen  0.32/turn              d - ring of protection from cold
MPRegen  0.40/turn              M - ring of protection from fire

@: heroism, corroded
A: large, unfitting armour, tough skin 1
a: Heroism, Renounce Religion


You were in an ice cave.
You worshipped Okawaru.
Okawaru was greatly pleased with you.
You visited 3 branches of the dungeon, and saw 14 of its levels.
You also visited: Ice Cave.

You collected 719 gold pieces.
You spent 14 gold pieces at shops.

Inventory:

Hand Weapons
 s - a +5 flail of protection
 z - a +0 giant spiked club
 F - a +3 whip of electrocution (weapon)
Missiles
 f - 415 stones (quivered)
 i - 11 boomerangs
 j - 56 poisoned darts
 J - 9 large rocks
 O - 7 javelins
Armour
 a - a +1 robe (worn)
 e - a +2 cloak (worn)
 h - a scarf of repulsion
 o - the +18 shield of the Gong {rElec rN+ MR+ EV-5}
   (You found it on level 4 of the Dungeon)

   It affects your evasion (-5).
   It insulates you from electricity.
   It protects you from negative energy.
   It affects your resistance to hostile enchantments.
Jewellery
 d - a ring of protection from cold (left hand)
 C - an uncursed amulet of reflection
 H - the amulet "Runuom" (around neck) {RegenMP *Corrode rPois rC++ rN+}
   (You acquired it on level 9 of the Dungeon)

   [amulet of magic regeneration]

   It increases your magic regeneration.
   It greatly protects you from cold.
   It protects you from poison.
   It protects you from negative energy.
   It may corrode you when you take damage.
 M - a ring of protection from fire (right hand)
Wands
 y - a wand of flame (52)
 B - a wand of paralysis (12)
 D - a wand of disintegration (38)
 E - a wand of iceblast (5)
 I - a wand of acid (8)
 L - a wand of polymorph (7)
Scrolls
 b - a scroll of blinking
 m - 2 scrolls of fog
 p - 3 scrolls of fear
 r - 6 scrolls of remove curse
 t - 2 scrolls of amnesia
 u - 5 scrolls of teleportation
 x - a scroll of magic mapping
 K - a scroll of identify
Potions
 c - a potion of lignification
 g - 3 potions of curing
 k - 4 potions of cancellation
 l - 3 potions of flight
 n - 3 potions of stabbing
 q - 4 potions of heal wounds
 v - a potion of haste
 A - 3 potions of magic
 G - 3 potions of mutation


   Skills:
 + Level 12.5(17.5) Fighting
 - Level 8.0(13.0) Maces & Flails
 - Level 9.0(14.0) Throwing
 - Level 8.0(13.0) Dodging
 - Level 3.0(8.0) Stealth
 - Level 4.0(9.0) Shields
 - Level 3.0 Spellcasting
 - Level 4.0 Conjurations
 - Level 6.0 Invocations
 - Level 3.0 Evocations


You had 15 spell levels left.
You knew the following spells:

 Your Spells              Type           Power        Failure   Level
b - Searing Ray           Conj           ###...       4%          2

Your spell library contained the following spells:

 Spells                   Type           Power        Failure   Level
 Magic Dart               Conj           ###.         3%          1
 Corona                   Hex            #......      16%         1
 Dazzling Flash           Conj/Hex       ##....       21%         3
 Ensorcelled Hibernation  Hex/Ice        #.....       22%         2
 Confusing Touch          Hex            #.......     41%         3
 Tukima's Dance           Hex            #.......     41%         3
 Fulminant Prism          Conj/Hex       ##........   54%         4
 Iskenderun's Mystic Bla  Conj/Tloc      ##......     54%         4
 Ice Form                 Ice/Tmut       #.......     83%         4
 Metabolic Englaciation   Hex/Ice        #.........   99%         5
 Freezing Cloud           Conj/Ice/Air   #.........   100%        6
 Ozocubu's Refrigeration  Ice            #.........   100%        6
 Simulacrum               Ice/Necr       #.........   100%        6
 Malign Gateway           Summ/Tloc      #.........   100%        7
 Monstrous Menagerie      Summ           #.........   100%        7
 Summon Greater Demon     Summ           #.........   100%        7
 Summon Horrible Things   Summ           #.........   100%        8


Dungeon Overview and Level Annotations

Branches:
Dungeon (9/15)             Temple (1/1) D:7            Lair (4/6) D:8
  Swamp (0/4) Lair:3        Snake (0/4) Lair:2        IceCv (1/1)
    Orc: D:9-12

Altars:
Ashenzari
Cheibriados
Dithmenos
Elyvilon
Fedhas
Gozag
Hepliaklqana
Kikubaaqudgha
Makhleb
Nemelex Xobeh
Okawaru
Qazlal
Ru
Sif Muna
Trog
Uskayaw
Vehumet
Wu Jian
Xom
Yredelemnul
Zin
The Shining One
Beogh

Shops:
D:7 !   D:9 [

Annotations:
Abyss:1 KennyOmg's ghost, novice MiBe


Innate Abilities, Weirdness & Mutations

You are too large for most types of armour.
You have tough skin. (AC +1)


Message History

You hit the wolf but do no damage.
The wolf is lightly wounded.
The wolf misses you.
You hit the wolf but do no damage. Lightning courses through the wolf!!
The wolf is severely wounded.
You barely miss the wolf.
The wolf is severely wounded.
The wolf bites you!
* * * LOW HITPOINT WARNING * * *
You barely miss the wolf.
The wolf is severely wounded.
The wolf bites you!
* * * LOW HITPOINT WARNING * * *
You hit the wolf but do no damage.
The wolf is severely wounded.
The wolf stops to sniff the ground.
The wolf bites you!
* * * LOW HITPOINT WARNING * * *
The wolf bites you!
You die...

#....###..#
#∩#.###..## ##
#######...# ##.#
##.## ##..##
...## #.[.###..##
#.#. ##......##
#...###..#....#
#(#h.#..###.##
#(#@#.########
##(#.##.##.##.##
#†.#.##.....##.##
##.##.##...°.☼#.#
#.#.# ####..#..#
#...### ##○##.#
##..#.# ####.#
##...## #.##
##...# ##.#


You could see a wolf.

Vanquished Creatures
  2 hydras (Lair:2)
  4 death yaks
  Sonja (Lair:1)
  4 cane toads
  2 komodo dragons (Lair:2)
  A troll (D:9)
  A polar bear (IceCv)
  Grinder (D:3)
  A hornet (D:7)
  3 hippogriffs
  A wyvern (D:9)
  16 yaks
  A basilisk (Lair:1)
  3 water moccasins
  4 porcupines
  7 orc warriors
  An eye of draining (D:9)
  2 sky beasts
  A black bear (D:9)
  4 ogres
  15 wolves
  A centaur (D:9)
  7 crocodiles
  10 bullfrogs
  5 scorpions
  3 wights (D:9)
  A howler monkey (D:5)
  5 electric eels
  A quasit (D:8)
  A bullfrog zombie (D:5)
  3 hounds
  2 jellies (D:9)
  2 centaur skeletons (D:8)
  5 orc priests
  Crazy Yiuf (D:3)
  5 orc wizards
  An iguana (D:6)
  3 worker ants
  2 worker ant zombies
  7 gnolls (D:5)
  8 adders
  A howler monkey skeleton (D:7)
  2 shadow imps
  A white imp (D:8)
  An ufetubus (D:5)
  An ooze (D:4)
  3 adder skeletons
  An adder zombie (D:9)
  2 worms
  A dart slug (D:5)
  3 leopard geckos
  32 orcs
  A ball python (D:5)
  6 bats
  4 giant cockroaches
  11 goblins
  7 hobgoblins
  7 jackals
  4 quokkas
  9 frilled lizards
  A jackal skeleton (D:5)
  8 kobolds
  2 leopard gecko skeletons
  10 rats
266 creatures vanquished.

Vanquished Creatures (collateral kills)
  A polar bear (IceCv)
  A yak (IceCv)
  An orc (D:8)
3 creatures vanquished.

Vanquished Creatures (others)
  A death yak (IceCv)
  A polar bear (IceCv)
  A wolf (IceCv)
  22 fungi
  24 plants
49 creatures vanquished.

Grand Total: 318 creatures vanquished

Notes
Turn   | Place    | Note
-------+----------+-------------------------------------------
     0 | D:1      | Murumi the Ogre Conjurer began the quest for the Orb.
     0 | D:1      | Reached XP level 1. HP: 16/16 MP: 3/3
   375 | D:1      | Reached XP level 2. HP: 24/24 MP: 0/5
   379 | D:1      | Learned a level 2 spell: Searing Ray
   521 | D:1      | HP: 1/24 [jackal (3)]
  1218 | D:1      | Reached XP level 3. HP: 31/31 MP: 3/7
  1711 | D:2      | Upgraded the game from 0.26-a0-649-gf8c6c3aab7 to
                  | 0.26-a0-651-gb41185065b
  1907 | D:2      | Reached skill level 1 in Fighting
  1972 | D:2      | Reached skill level 1 in Throwing
  2231 | D:2      | Reached XP level 4. HP: 42/42 MP: 5/8
  2379 | D:2      | Found a hazy altar of Hepliaklqana.
  2385 | D:2      | Reached skill level 2 in Fighting
  3090 | D:3      | Reached skill level 1 in Maces & Flails
  3260 | D:3      | Found a faded altar of an unknown god.
  3501 | D:3      | Noticed Grinder
  3508 | D:3      | Paralysed by Grinder for 7 turns
  3516 | D:3      | Killed Grinder
  3516 | D:3      | Reached skill level 3 in Fighting
  3516 | D:3      | Reached skill level 4 in Fighting
  3516 | D:3      | Reached skill level 5 in Fighting
  3516 | D:3      | Reached XP level 5. HP: 20/57 MP: 1/9
  3516 | D:3      | Reached XP level 6. HP: 23/66 MP: 1/10
  3723 | D:3      | Found a sparkling altar of Nemelex Xobeh.
  4195 | D:3      | Found a runed translucent door.
  4196 | D:3      | Noticed Crazy Yiuf
  4207 | D:3      | Killed Crazy Yiuf
  4414 | D:4      | Found a shadowy altar of Dithmenos.
  4750 | D:4      | Reached skill level 6 in Fighting
  4750 | D:4      | Reached XP level 7. HP: 75/75 MP: 7/11
  4813 | D:4      | Found the +18 shield of the Gong {rElec rN+ MR+ EV-5}
  5276 | D:5      | Entered Level 5 of the Dungeon
  5358 | D:4      | Reached skill level 1 in Shields
  5685 | D:5      | Reached XP level 8. HP: 52/84 MP: 3/12
  6172 | D:5      | Reached skill level 7 in Fighting
  6463 | D:6      | Found a blossoming altar of Fedhas.
  6803 | D:6      | Found a basalt altar of Yredelemnul.
  6816 | D:6      | Found a runed translucent gate.
  6816 | D:6      | Found a runed translucent gate.
  6817 | D:6      | Noticed KennyOmg's ghost (novice MiBe)
  6818 | D:6      | Found a runed translucent gate.
  6818 | D:6      | Identified the +6 trident "Heuk" {flame, *Slow rC++ MP+9}
  6818 | D:6      | Identified the cursed +1 plate armour "Wieceq" {rElec rC+}
  6823 | D:6      | Found a roughly hewn altar of Beogh.
  6864 | D:6      | Reached skill level 8 in Fighting
  8026 | D:7      | Found a white marble altar of Elyvilon.
  8026 | D:7      | Found a bloodstained altar of Trog.
  8031 | D:7      | Found a stormy altar of Qazlal.
  8033 | D:7      | Found a faded altar of an unknown god.
  8035 | D:7      | Found a snail-covered altar of Cheibriados.
  8072 | D:7      | Reached skill level 1 in Evocations
  8229 | D:7      | Found Zawifem's Distillery.
  8237 | D:7      | Bought a potion of degeneration for 14 gold pieces
  8610 | D:7      | Found a staircase to the Ecumenical Temple.
  8617 | Temple   | Entered the Ecumenical Temple
  8690 | Temple   | Became a worshipper of Warmaster Okawaru
  8705 | D:7      | Noticed a hornet
  8716 | D:7      | Killed a hornet
  8716 | D:7      | Reached skill level 5 in Throwing
  8716 | D:7      | Reached XP level 9. HP: 36/96 MP: 13/13
  9179 | D:6      | HP: 4/96 [orc warrior/+0 halberd (17)]
  9187 | D:6      | Reached * piety under Okawaru
  9194 | D:6      | HP: 5/145 [orc warrior/the +6 trident "Heuk" {flame, *Slow
                  | rC++ MP+9} (5)]
  9198 | D:6      | Reached skill level 9 in Fighting
  9209 | D:6      | Banished KennyOmg's ghost
  9209 | D:6      | Reached skill level 5 in Maces & Flails
  9924 | D:7      | Reached skill level 5 in Dodging
 10126 | D:8      | Found a transporter.
 10780 | D:8      | Noticed a death yak
 10794 | D:8      | Killed a death yak
 10794 | D:8      | Reached ** piety under Okawaru
 10794 | D:8      | Reached skill level 10 in Fighting
 10794 | D:8      | Reached XP level 10. HP: 69/110 MP: 14/14
 10941 | D:8      | Noticed a death yak
 10998 | D:8      | Noticed a death yak
 11031 | D:8      | Killed a death yak
 11045 | D:7      | HP: 4/110 [yak (11)]
 11560 | D:8      | Found a staircase to the Lair.
 11618 | D:8      | Killed a death yak
 11618 | D:8      | Reached *** piety under Okawaru
 11712 | D:8      | Found a transporter.
 12436 | D:9      | Reached skill level 11 in Fighting
 12516 | D:9      | Found Huumigud's Antique Armour Shoppe.
 12711 | D:9      | Identified a scroll of acquirement
 12711 | D:9      | Acquired the amulet "Runuom" {RegenMP *Corrode rPois rC++
                  | rN+}
 12967 | D:9      | Reached XP level 11. HP: 108/120 MP: 15/15
 12990 | D:9      | Reached **** piety under Okawaru
 13219 | D:9      | Found a broken altar of Ashenzari.
 13616 | Lair:1   | Entered Level 1 of the Lair of Beasts
 14033 | Lair:1   | Received a gift from Okawaru
 15182 | Lair:1   | Reached skill level 5 in Invocations
 15733 | Lair:1   | Noticed Sonja
 15758 | Lair:1   | Killed Sonja
 16248 | Lair:2   | Noticed a five-headed hydra
 16256 | Lair:2   | Killed a five-headed hydra
 16657 | Lair:2   | Reached skill level 12 in Fighting
 16901 | Lair:2   | Found a staircase to the Snake Pit.
 17294 | Lair:2   | Reached ***** piety under Okawaru
 17813 | Lair:2   | Noticed a seven-headed hydra
 17820 | Lair:2   | HP: 1/123 [seven-headed hydra (16)]
 18483 | Lair:2   | Received a gift from Okawaru
 18483 | Lair:2   | Reached XP level 12. HP: 102/132 MP: 14/16
 18727 | Lair:2   | Killed a seven-headed hydra
 18727 | Lair:2   | Received a gift from Okawaru
 20275 | Lair:3   | Found a staircase to the Swamp.
 20715 | Lair:4   | Found a frozen archway.
 20724 | IceCv    | Entered an ice cave
 20750 | IceCv    | Received a gift from Okawaru
 21212 | IceCv    | Noticed a death yak
 21220 | IceCv    | Noticed a death yak
 21237 | IceCv    | Killed a death yak
 21257 | IceCv    | Killed a death yak
 21266 | IceCv    | HP: 5/133 [wolf (9)]
 21267 | IceCv    | Slain by a wolf

Illustrated notes

Levels and vault maps discovered:
D:1:      psy_arrival_dodecagon, layout_basic
D:2:      layout_basic, old_standard_altar, minmay_vboxes
D:3:      layout_loops_corners, marbit_many_paths,
          chequers_ecumenical_altar_island, uniq_crazy_yiuf_cottage,
          uniq_grinder
D:4:      layout_cave_pools, nrook_mini_vaults,
          nicolae_dithmenos_through_a_glass_darkly
D:5:      layout_rooms
D:6:      layout_basic, lemuel_doored_altar, biasface_ghost_orc_armoury,
          minmay_misc_feat_encased, fedhas_ov_isle_minmay
D:7:      layout_layer_cave, chequers_temple_overflow_minitemple,
          minmay_temple_entry_mini_moons, serial_shops, shop_fountains,
          minmay_fractal_squares_gapless_5
D:8:      gammafunk_steamed_eel, layout_basic, dpeg_lair_monsters
D:9:      layout_small_grid, lemuel_crystal_altar, serial_shops,
          kennysheep_mini_moat
Temple:   nicolae_temple_great_sept
Lair:1:   layout_cave_pods, chequers_serial_rivers_small_a, beast_lair_carwin_2,
          grunt_megastairs_3, uniq_sonja
Lair:2:   layout_long_grid, dummy_snake_entry, infiniplex_staircase_pool_2
Lair:3:   layout_long_grid, minmay_swamp_entry_eels, serial_bayou_shore_b
Lair:4:   layout_small_grid, portal_ice_cave_entry_pillars_1
IceCv:    ice_cave_caverns_03

Skill      XL: |  1  2  3  4  5  6  7  8  9 10 11 12 |
---------------+-------------------------------------+-----
Dodging        | 2 3 4 5 6 7 8 |  8.0
Conjurations   | 4 |  4.0
Spellcasting   | 3 |  3.0
Stealth        | 2 3 |  3.0
Fighting       | 1 5 6 8 10 11 12 | 12.5
Throwing       | 1 2 3 4 5 6 8 9 |  9.0
Maces & Flails | 2 3 4 5 6 7 8 |  8.0
Shields        | 1 2 3 4 |  4.0
Evocations     | 1 2 3 |  3.0
Invocations    | 2 4 5 6 |  6.0

Action                   |  1- 3 |  4- 6 |  7- 9 | 10-12 || total
-------------------------+-------+-------+-------+-------++-------
Melee: Unarmed           |    22 |       |       |       ||    22
       Mace              |       |     9 |       |       ||     9
       Whip              |       |     3 |    91 |   544 ||   638
       Flail             |       |       |    86 |       ||    86
       Punch             |       |       |       |     5 ||     5
Throw: Stone             |    19 |    16 |   191 |   292 ||   518
       Boomerang         |       |     2 |     9 |    16 ||    27
       Dart              |       |     7 |     9 |    66 ||    82
       Throwing net      |       |     1 |     1 |     1 ||     3
       Large rock        |       |       |       |     7 ||     7
 Cast: Magic Dart        |    71 |    45 |       |       ||   116
       Searing Ray       |     4 |    16 |    24 |       ||    44
Invok: Heroism           |       |       |     1 |    15 ||    16
Evoke: Wand              |       |       |     5 |     3 ||     8
  Use: Scroll            |       |    11 |    12 |     9 ||    32
       Potion            |       |       |     5 |     1 ||     6
 Stab: Sleeping          |       |       |     2 |     2 ||     4
       Held in net/web   |       |       |       |     2 ||     2
       Paralysed         |       |       |       |     1 ||     1
       Invisible         |       |       |       |     1 ||     1
Armor: Robe              |    13 |     2 |    56 |    78 ||   149
       Skin              |       |       |     4 |       ||     4
Dodge: Dodged            |    24 |     8 |    72 |   236 ||   340

Table legend: (Time is in decaauts)
 A = Elapsed time spent in this place.
 B = Non-inter-level travel time spent in this place.
 C = Inter-level travel time spent in this place.
 D = Time resting spent in this place.
 E = Time spent auto-exploring this place.
 F = Levels seen in this place.
 G = Mean time per level.
                   A        B        C        D        E       F      G
               +--------+--------+--------+--------+--------+-----+--------+
         Total |  21012 |  19551 |   1461 |   1473 |  15716 |  15 | 1400.8 |
       Dungeon |  13458 |  12324 |   1134 |    816 |   9868 |   9 | 1495.3 |
        Temple |     83 |     66 |     17 |      0 |     65 |   1 |   83.0 |
          Lair |   6974 |   6665 |    309 |    657 |   5390 |   4 | 1743.5 |
      Ice Cave |    496 |    496 |      0 |      0 |    392 |   1 |  496.0 |
               +--------+--------+--------+--------+--------+-----+--------+

Top non-repeatable levels by time:
  Lair:1: 3259 daAuts
  Lair:2: 2598 daAuts
     D:7: 2057 daAuts
     D:3: 1754 daAuts
     D:6: 1737 daAuts
     D:8: 1723 daAuts
     D:9: 1495 daAuts
     D:1: 1493 daAuts
     D:2: 1180 daAuts
  Lair:3: 1093 daAuts
     D:4: 1093 daAuts
     D:5: 923 daAuts
   IceCv: 496 daAuts
  Temple: 83 daAuts
  Lair:4: 22 daAuts
